 Dungeon Crawl Stone Soup version 0.20-a0-1006-ge6c5631 (webtiles) character file.

9675 AlphabetPasta the Thaumaturge (level 11, -12/78 HPs)
             Began as a Bultungin Wizard on Apr 13, 2017.
             Was a Believer of Sif Muna.
             Mangled by a skeletal warrior
             ... wielding a +0 long sword
             ... led by a skeletal warrior
              (31 damage)
             ... on level 10 of the Dungeon.
             The game lasted 01:24:44 (12755 turns).

AlphabetPasta the Thaumaturge (Bultungin Wizard)   Turns: 12755, Time: 01:24:45

Health: -12/78     AC:  6    Str: 11    XL:     11   Next: 50%
Magic:  10/26      EV: 14    Int: 22    God:    Sif Muna [**....]
Gold:   494        SH:  0    Dex: 13    Spells: 14/32 levels left

rFire    + . .     SeeInvis +   b - +10 spear of Iciotsit {pain, Str+5}
rCold    + . .     Gourm    +   (no shield)
rNeg     + . .     Faith    .   A - +1 robe {rN+}
rPois    .         Spirit   .   i - +0 hat
rElec    .         Reflect  .   R - scarf {rC+}
rCorr    .         Harm     .   k - +1 pair of gloves
MR       +....                  y - +0 pair of boots (curse)
Stlth    ++........             E - amulet of the gourmand
Regen    0.3/turn               s - ring of protection from fire
MPRegen  0.2/turn               o - ring of protection from magic

@: no status effects
A: short attention span, fangs 1, see invisible, strong nose
a: Divine Energy, Renounce Religion


You were on level 10 of the Dungeon.
You worshipped Sif Muna.
Sif Muna was pleased with you.
You were very full.

You visited 2 branches of the dungeon, and saw 11 of its levels.

You collected 659 gold pieces.
You spent 165 gold pieces at shops.

Inventory:

Hand Weapons
 a - a +3 quarterstaff of electrocution
 b - the +10 spear of Iciotsit (weapon) {pain, Str+5}
   (You took it off a gnoll sergeant on level 7 of the Dungeon)

   In the hands of one skilled in necromantic magic, it inflicts extra damage on
   living creatures.
   It affects your strength (+5).
Missiles
 h - 6 silver javelins
 l - 3 javelins (quivered)
Armour
 i - a +0 hat (worn)
 k - a +1 pair of gloves (worn)
 u - a +0 cloak
 y - a cursed +0 pair of boots (worn)
 A - a +1 robe of positive energy (worn)
 I - a +0 large shield
 R - a scarf of cold resistance (worn)
Magical Staves
 c - an uncursed staff of conjuration
Jewellery
 o - a ring of protection from magic (right hand)
 s - a ring of protection from fire (left hand)
 t - an uncursed ring of flight
 E - an amulet of the gourmand (around neck)
 N - an uncursed ring of resist corrosion
Wands
 v - a wand of polymorph (13/24)
 D - a wand of flame (24/48)
 O - a wand of acid (1/15)
 P - a wand of lightning (3/15)
 Q - a wand of digging (11/24)
Scrolls
 e - 3 scrolls of enchant weapon
 j - 3 scrolls of remove curse
 w - a scroll of identify
 B - 3 scrolls of enchant armour
 G - 2 scrolls of teleportation
 H - a scroll of fog
 K - 4 scrolls of magic mapping
 L - a scroll of fear
Potions
 f - a potion of agility
 m - 3 potions of curing
 p - a potion of flight
 q - 5 potions of cancellation
 r - 4 potions of might
 x - 2 potions of resistance
 J - a potion of ambrosia
Books
 g - a book of Battle

   Spells                             Type                      Level
   a - Infusion                       Charms                       1
   b - Shroud of Golubria             Charms/Translocation         2
   c - Song of Slaying                Charms                       2
   d - Spectral Weapon                Hexes/Charms                 3
   e - Regeneration                   Charms/Necromancy            3
 F - a book of Minor Magic

   Spells                             Type                      Level
   a - Magic Dart                     Conjuration                  1
   b - Blink                          Translocation                2
   c - Call Imp                       Summoning                    2
   d - Slow                           Hexes                        2
   e - Conjure Flame                  Conjuration/Fire             3
   f - Mephitic Cloud                 Conjuration/Poison/Air       3
 M - a book of Spatial Translocations

   Spells                             Type                      Level
   a - Blink                          Translocation                2
   b - Shroud of Golubria             Charms/Translocation         2
   c - Lesser Beckoning               Translocation                3
   d - Gell's Gravitas                Translocation                3
   e - Teleport Other                 Translocation                3
   f - Passage of Golubria            Translocation                4
Comestibles
 d - 7 bread rations
 z - 4 fruits
 C - 4 meat rations


   Skills:
 - Level 4.4 Fighting
 + Level 4.8(5.6) Polearms
 - Level 4.3(5.3) Staves
 - Level 4.0 Armour
 - Level 5.1 Dodging
 - Level 2.6 Stealth
 - Level 4.0 Shields
 * Level 11.0 Spellcasting
 - Level 9.0 Conjurations
 - Level 4.0 Hexes
 + Level 3.1 Charms
 - Level 4.1 Summonings
 + Level 3.2 Necromancy
 - Level 4.1 Translocations
 - Level 4.4 Fire Magic
 - Level 4.0 Air Magic
 - Level 4.0 Poison Magic
 + Level 6.4 Invocations
 + Level 0.0 Evocations


You had 14 spell levels left.
You knew the following spells:

 Your Spells              Type           Power        Failure   Level  Hunger
a - Magic Dart            Conj           ####         1%          1    None
b - Blink                 Tloc           N/A          1%          2    None
c - Call Imp              Summ           ####....     1%          2    None
d - Slow                  Hex            ####....     1%          2    None
e - Conjure Flame         Conj/Fire      #####...     1%          3    None
f - Mephitic Cloud        Conj/Pois/Air  #####...     1%          3    None
g - Shroud of Golubria    Chrm/Tloc      ####......   1%          2    None
h - Regeneration          Chrm/Necr      ####......   6%          3    None


Dungeon Overview and Level Annotations

Branches:
Dungeon (10/15)            Temple (1/1) D:7            Lair (0/6) D:8
    Orc (0/2) D:10

Altars:
Ashenzari
Cheibriados
Dithmenos
Elyvilon
Fedhas
Gozag
Hepliaklqana
Kikubaaqudgha
Makhleb
Nemelex Xobeh
Okawaru
Qazlal
Ru
Sif Muna
Trog
Uskayaw
Vehumet
Wu Jian
Xom
Yredelemnul
Zin
The Shining One

Shops:
D:6 *


Innate Abilities, Weirdness & Mutations

You have a short attention span.
You have very sharp teeth.
You have supernaturally acute eyesight. (SInv)
Your uncanny sense of smell can sniff out nearby items.


Message History

Confirm with . or Enter, or press ? or * to list all spells.
Aiming: Conjure Flame
Press: ? - help, Dir - move target cursor The fire ignites!
Casting: Conjure Flame
Confirm with . or Enter, or press ? or * to list all spells.
Aiming: Conjure Flame
Press: ? - help, Dir - move target cursor The fire ignites!
The skeletal warrior is engulfed in blazing flames.
The skeletal warrior is engulfed in blazing flames.
Casting: Conjure Flame
Confirm with . or Enter, or press ? or * to list all spells.
Aiming: Conjure Flame
Press: ? - help, Dir - move target cursor The fire ignites!
The skeletal warrior is engulfed in blazing flames.
The skeletal warrior is engulfed in blazing flames.
The skeletal warrior hits you with a long sword!!
You die...

#.....#...#.......).....
#.....#...#....###.....#
###...#####....# #.....#
#............# #.....#
#.......###### #.....#
###.....'......#.....#
#.<...#......#..####
#.....#.....z#..#...
#..@..# .z...#..#...
#...z.###....#..#...
#.......#....#..#z##
####.......# ...#..#.#
............######..#.#
...............).o.#z##
#.......#########..#z..
#.......# #.z#...
#.......# #..#...


You could see a skeletal warrior.

Vanquished Creatures
  2 two-headed ogres
  2 skeletal warriors
  The ghost of TroubleDarcy the Cleaver, a novice GrBe of Trog (D:6)
  Pikel (D:8)
  The ghost of Caerwyn the Insei, a novice OpTm (D:9)
  4 hippogriffs
  Grinder (D:6)
  The ghost of ereinion the Cudgeler, an amateur GrFi (D:3)
  Sigmund (D:6)
  A wraith (D:10)
  3 wyverns
  A basilisk (D:10)
  Edmund (D:4)
  2 orc warriors (D:10)
  2 sky beasts
  An ice beast (D:9)
  3 black bears
  2 phantoms
  An ogre (D:8)
  A necrophage (D:6)
  7 centaurs
  2 big kobolds
  Blork the orc (D:6)
  4 bullfrogs
  A gnoll sergeant (D:7)
  3 killer bees (D:9)
  3 scorpions
  6 wights
  4 howler monkeys (D:8)
  A centaur zombie (D:6)
  3 crimson imps
  7 orc priests
  A quasit (D:10)
  6 hounds
  6 orc wizards
  2 bullfrog skeletons
  Crazy Yiuf (D:2)
  A centaur skeleton (D:10)
  An iguana (D:9)
  7 worker ants
  A hound skeleton (D:8)
  A worker ant zombie (D:7)
  8 gnolls (D:7)
  7 adders
  A shadow imp (D:5)
  2 oozes (D:1)
  An adder zombie (D:5)
  4 worms
  2 dart slugs
  4 leopard geckos
  43 orcs
  6 giant cockroaches
  5 goblins
  5 hobgoblins
  9 jackals
  5 quokkas
  A ball python (D:1)
  9 bats
  3 frilled lizards
  2 jackal skeletons
  A jackal zombie (D:7)
  20 kobolds
  A quokka skeleton (D:4)
  A quokka zombie (D:9)
  8 rats
249 creatures vanquished.

Vanquished Creatures (collateral kills)
  An orc warrior (D:7)
  A centaur zombie (D:7)
  An orc wizard (D:7)
  4 orcs
7 creatures vanquished.

Grand Total: 256 creatures vanquished

Notes
Turn   | Place    | Note
-------+----------+-------------------------------------------
     0 | D:1      | AlphabetPasta the Bultungin Wizard began the quest for the Orb.
     0 | D:1      | Reached XP level 1. HP: 13/13 MP: 6/6
    57 | D:1      | Reached skill level 5 in Spellcasting
   130 | D:1      | Reached XP level 2. HP: 20/20 MP: 1/8
   154 | D:1      | Reached skill level 1 in Fighting
   158 | D:1      | Learned a level 2 spell: Blink
   161 | D:1      | Learned a level 2 spell: Call Imp
   164 | D:1      | Learned a level 2 spell: Slow
   600 | D:1      | Reached skill level 1 in Hexes
   677 | D:1      | Reached XP level 3. HP: 26/26 MP: 3/9
   682 | D:1      | Learned a level 3 spell: Conjure Flame
  1061 | D:2      | Learned a level 3 spell: Mephitic Cloud
  1069 | D:2      | Reached skill level 1 in Polearms
  1114 | D:2      | Found a faded altar of an unknown god.
  1192 | D:2      | Reached skill level 1 in Fire Magic
  1813 | D:2      | Found a runed door.
  1817 | D:2      | Noticed Crazy Yiuf
  1825 | D:2      | Killed Crazy Yiuf
  1825 | D:2      | Reached skill level 6 in Spellcasting
  1825 | D:2      | Reached XP level 4. HP: 32/32 MP: 0/12
  2036 | D:3      | Noticed ereinion's ghost (amateur GrFi)
  2094 | D:3      | Killed ereinion's ghost
  2094 | D:3      | Reached skill level 7 in Spellcasting
  2094 | D:3      | Reached XP level 5. HP: 13/37 MP: 3/14
  2094 | D:3      | Reached XP level 6. HP: 15/43 MP: 3/16
  2567 | D:3      | Reached skill level 1 in Poison Magic
  2950 | D:4      | Noticed Edmund
  2971 | D:4      | Killed Edmund
  2971 | D:4      | Reached XP level 7. HP: 51/51 MP: 13/18
  3496 | D:4      | Found a blossoming altar of Fedhas.
  3775 | D:4      | Reached skill level 5 in Conjurations
  3779 | D:4      | Reached skill level 8 in Spellcasting
  3974 | D:4      | Learned a level 3 spell: Mephitic Cloud
  3983 | D:5      | Entered Level 5 of the Dungeon
  4480 | D:5      | Reached XP level 8. HP: 58/58 MP: 13/20
  4666 | D:5      | Reached skill level 1 in Armour
  4680 | D:5      | Identified a scroll of acquirement
  4898 | D:6      | Noticed Sigmund
  4907 | D:6      | Killed Sigmund
  5027 | D:6      | Noticed Grinder
  5041 | D:6      | Killed Grinder
  5041 | D:6      | Reached skill level 9 in Spellcasting
  5304 | D:6      | Found Kezupn's Assorted Antiques.
  5310 | D:6      | Bought a scroll of identify for 60 gold pieces
  5310 | D:6      | Bought a scroll of magic mapping for 105 gold pieces
  5345 | D:6      | Reached skill level 1 in Shields
  5541 | D:6      | Noticed Blork the orc
  5557 | D:6      | Killed Blork the orc
  5742 | D:6      | Noticed TroubleDarcy's ghost (novice GrBe)
  5763 | D:6      | Killed TroubleDarcy's ghost
  5763 | D:6      | Reached XP level 9. HP: 19/64 MP: 7/22
  6227 | D:6      | Found a hazy altar of Hepliaklqana.
  7107 | D:7      | Found a staircase to the Ecumenical Temple.
  7118 | Temple   | Entered the Ecumenical Temple
  7388 | D:7      | Reached skill level 10 in Spellcasting
  8191 | D:7      | Reached XP level 10. HP: 56/73 MP: 2/24
  8204 | D:7      | Got a jewelled spear {pain}
  8205 | D:7      | Identified the +10 spear of Iciotsit {pain, Str+5} (You took it off a gnoll sergeant on level 7 of the Dungeon)
  8598 | D:8      | Found a deep blue altar of Sif Muna.
  8625 | D:8      | Became a worshipper of Sif Muna the Loreminder
  8629 | D:8      | Found a sparkling altar of Nemelex Xobeh.
  8633 | D:8      | Found a glowing silver altar of Zin.
  8751 | D:8      | Reached skill level 1 in Invocations
  8845 | D:8      | Found a staircase to the Lair.
  8870 | D:8      | Noticed a two-headed ogre
  8894 | D:8      | Killed a two-headed ogre
  9318 | D:8      | Noticed Pikel
  9333 | D:8      | Killed Pikel
  9678 | D:9      | Noticed Caerwyn's ghost (novice OpTm)
  9720 | D:9      | Killed Caerwyn's ghost
  9720 | D:9      | Reached * piety under Sif Muna
  9720 | D:9      | Reached skill level 5 in Dodging
 10428 | D:9      | Noticed a two-headed ogre
 10433 | D:9      | Killed a two-headed ogre
 10433 | D:9      | Reached skill level 5 in Invocations
 10433 | D:9      | Reached XP level 11. HP: 78/78 MP: 21/25
 10718 | D:9      | Learned a level 2 spell: Shroud of Golubria
 10722 | D:9      | Learned a level 3 spell: Regeneration
 10842 | D:10     | Entered Level 10 of the Dungeon
 11006 | D:10     | Reached skill level 1 in Charms
 11006 | D:10     | Reached skill level 1 in Necromancy
 11134 | D:10     | Noticed a skeletal warrior
 11136 | D:10     | Noticed a skeletal warrior
 11137 | D:10     | Noticed a skeletal warrior
 11367 | D:10     | Noticed a skeletal warrior
 11667 | D:10     | Reached ** piety under Sif Muna
 11751 | D:10     | Found a staircase to the Orcish Mines.
 12087 | D:9      | Killed a skeletal warrior
 12087 | D:9      | Reached skill level 11 in Spellcasting
 12688 | D:10     | Killed a skeletal warrior
 12755 | D:10     | Mangled by a skeletal warrior

Vault maps used:
D:1:      dpeg_arrival_yet_another_circle, hangedman_glass_teeth
D:2:      chequers_ecumenical_altar_simple_redux, uniq_crazy_yiuf_cottage
D:4:      kennysheep_flooded_box, uniq_edmund
D:5:      first_bread
D:6:      lemuel_round_altar, serial_shops, shop, uniq_sigmund,
          uniq_blork_the_orc, uniq_grinder
D:7:      minmay_temple_entry_hall
D:8:      minitemple, lair_entry_dummy, serial_glass, glass_columns_b,
          glass_columns_c, uniq_pikel
D:10:     hiddenorc2_lemuel
Temple:   eino_narrow_crystal_temple

Skill      XL: |  1  2  3  4  5  6  7  8  9 10 11 |
---------------+----------------------------------+-----
Spellcasting   | 5 6 7 8 9 10 11 | 11.0
Fighting       | 1 2 3 4 |  4.4
Conjurations   | 2 3 4 5 7 8 9 |  9.0
Hexes          | 1 2 4 |  4.0
Polearms       | 2 3 4 |  4.8
Fire Magic     | 1 4 |  4.4
Staves         | 2 3 4 |  4.3
Air Magic      | 2 4 |  4.0
Poison Magic   | 2 3 4 |  4.0
Summonings     | 2 3 4 |  4.1
Armour         | 3 4 |  4.0
Translocations | 2 3 4 |  4.1
Shields        | 3 4 |  4.0
Dodging        | 4 5 |  5.1
Invocations    | 5 6 |  6.4
Charms         | 3 |  3.1
Necromancy     | 3 |  3.2
Stealth        | |  2.6

Action                   |  1- 3 |  4- 6 |  7- 9 | 10-12 || total
-------------------------+-------+-------+-------+-------++-------
Melee: Unarmed           |    15 |       |       |       ||    15
       Bite              |     2 |     1 |     4 |     8 ||    15
       Spear             |     4 |       |    20 |   225 ||   249
       Quarterstaff      |       |    18 |    10 |       ||    28
       Staff             |       |       |    21 |    10 ||    31
 Cast: Magic Dart        |    81 |    71 |   401 |   250 ||   803
       Conjure Flame     |     2 |     1 |    10 |    26 ||    39
       Slow              |       |     1 |    16 |    13 ||    30
       Mephitic Cloud    |       |     1 |    16 |    22 ||    39
       Call Imp          |       |     1 |     7 |     8 ||    16
  Use: Scroll            |     4 |     5 |    10 |     8 ||    27
       Potion            |       |       |     1 |     1 ||     2
 Stab: Sleeping          |       |     1 |       |       ||     1
       Confused          |       |       |     3 |     7 ||    10
       Distracted        |       |       |     1 |     1 ||     2
  Eat: Chunk             |     3 |     3 |    11 |    33 ||    50
       Royal jelly       |       |       |     1 |     1 ||     2
       Fruit             |       |       |     3 |       ||     3
Armor: Robe              |     4 |     3 |    21 |    16 ||    44
Dodge: Dodged            |    18 |    11 |    63 |    65 ||   157
